 Dungeon Crawl Stone Soup version 0.19-a0-291-ga637243 (webtiles) character file.

81596 Lugonue the Carver (level 14, -4/121 HPs)
             Began as a Demigod Fire Elementalist on May 27, 2016.
             Engulfed by a ghost crab's spectral mist (16 damage)
             ... on level 3 of the Swamp.
             The game lasted 02:24:45 (23199 turns).

Lugonue the Carver (Demigod Fire Elementalist)     Turns: 23199, Time: 02:24:45

Health: -4/121     AC: 20    Str: 19    XL:     14   Next: 87%
Magic:  24/33      EV: 14    Int: 25    God:
Gold:   838        SH:  9    Dex: 12    Spells: 7 memorised, 11 levels left

rFire  + . .     SeeInvis +     b - +1 falchion (holy)
rCold  . . .     Gourm    .     W - +0 swamp dragon armour
rNeg   + + .     Faith    .     T - +2 buckler
rPois  +         Spirit   .     C - +4 hat "Vubeto" {rN+ Int+6 Stlth-}
rElec  .         Dismiss  .     N - +1 cloak {MR+}
rCorr  .         Reflect  +     H - +0 pair of gloves
SustAt +         Harm     .     f - +2 pair of boots
MR     ++...                    X - +2 amulet of reflection
Stlth  ..........               u - ring "Zyameola" {rF+ rN+ Dex-4 Slay+3}
                                V - +3 ring of slaying

@: very slightly contaminated, drained, very resistant to hostile enchantments,
extremely unstealthy
A: horns 1, see invisible, high mp 1, sustain attributes
a: no special abilities


You were on level 3 of the Swamp.
You were not hungry.

You visited 4 branches of the dungeon, and saw 24 of its levels.

You collected 2268 gold pieces.
You spent 1430 gold pieces at shops.

Inventory:

Hand Weapons
 b - a +1 falchion of holy wrath (weapon)
 w - a +3 scimitar of flaming
 y - a +2 scimitar of draining
Armour
 f - a +2 pair of boots (worn)
 C - the +4 hat "Vubeto" (worn) {rN+ Int+6 Stlth-}
   (You found it on level 1 of the Orcish Mines)

   It affects your intelligence (+6).
   It protects you from negative energy.
   It makes you less stealthy.
 H - a +0 pair of gloves (worn)
 N - a +1 cloak of magic resistance (worn)
 T - a +2 buckler (worn)
 W - a +0 swamp dragon armour (worn)
Jewellery
 u - the ring "Zyameola" (right hand) {rF+ rN+ Dex-4 Slay+3}
   (You bought it in a shop on level 2 of the Orcish Mines)

   [ring of protection from fire]

   It affects your dexterity (-4).
   It affects your accuracy and damage with ranged weapons and melee attacks
   (+3).
   It protects you from fire.
   It protects you from negative energy.
 B - an uncursed ring of stealth
 G - an uncursed ring of positive energy
 P - an uncursed ring of protection from magic
 Q - an uncursed amulet of the gourmand
 V - a +3 ring of slaying (left hand)
 X - a +2 amulet of reflection (around neck)
Wands
 o - a wand of disintegration (11/24)
Scrolls
 e - a scroll of fear
 g - 4 scrolls of identify
 p - 5 scrolls of remove curse
 q - 2 scrolls of magic mapping
 x - a scroll of brand weapon
 I - 7 scrolls of teleportation
 K - 2 scrolls of amnesia
 L - 4 scrolls of recharging
 O - a scroll of fog
Potions
 h - a potion of curing
 i - 4 potions of mutation
 l - a potion of ambrosia
 m - a potion of brilliance
 s - a potion of cure mutation {unknown}
 D - 2 potions of agility
 E - 2 potions of magic
 J - 2 potions of haste
 Y - a potion of berserk rage
Books
 a - a book of Cantrips

   Spells                             Type                      Level
   a - Corona                         Hexes                        1
   b - Animate Skeleton               Necromancy                   1
   c - Summon Small Mammal            Summoning                    1
   d - Apportation                    Translocation                1
 d - a book of Maledictions

   Spells                             Type                      Level
   a - Corona                         Hexes                        1
   b - Ensorcelled Hibernation        Hexes/Ice                    2
   c - Confuse                        Hexes                        3
   d - Tukima's Dance                 Hexes                        3
   e - Dazzling Spray                 Conjuration/Hexes            3
 j - a book of Callings

   Spells                             Type                      Level
   a - Summon Small Mammal            Summoning                    1
   b - Call Imp                       Summoning                    2
   c - Call Canine Familiar           Summoning                    3
   d - Summon Guardian Golem          Hexes/Summoning              3
   e - Summon Lightning Spire         Summoning/Air                4
   f - Summon Ice Beast               Ice/Summoning                4
Miscellaneous
 A - a fan of gales
Comestibles
 c - 8 meat rations
 t - 3 bread rations
 v - 14 royal jellies
 M - 3 beef jerkies
 S - 26 fruits


   Skills:
 - Level 10.0(9.9) Fighting
   Level 4.3(9.8) Short Blades
 * Level 13.4(13.5) Long Blades
 + Level 6.9(6.8) Armour
 - Level 8.1(8.0) Dodging
 - Level 1.8(1.7) Stealth
 + Level 7.2(7.1) Shields
 + Level 10.2(10.1) Spellcasting
 - Level 5.3(5.2) Conjurations
 - Level 6.5(6.4) Fire Magic
 - Level 1.5 Poison Magic


You had 11 spell levels left.
You knew the following spells:

 Your Spells              Type           Power        Failure   Level  Hunger
a - Flame Tongue          Conj/Fire      #####        1%          1    None
b - Mephitic Cloud        Conj/Pois/Air  ###.....     12%         3    None
c - Sticky Flame          Conj/Fire      #####...     10%         4    None
d - Conjure Flame         Conj/Fire      #####...     2%          3    None
e - Summon Guardian Gole  Hex/Summ       ##......     24%         3    None
f - Deflect Missiles      Chrm/Air       ##........   100%        6    #####..
g - Blink                 Tloc           N/A          12%         2    None


Dungeon Overview and Level Annotations

Branches:
Dungeon (12/15)            Temple (0/1) D:5            Lair (6/8) D:11
  Swamp (4/4) Lair:6        Slime (0/6) Lair:6          Orc (2/2) D:10
    Elf (0/3) Orc:2
  Snake: Lair:3-6    Spider: Lair:3-6

Shops:
D:8 ?(![   D:9 %   D:11 }   Orc:1 *   Orc:2 =}([

Annotations:
D:12 Kirke
Lair:2 exclusion: oklob plant
Swamp:4 Lernaean hydra


Innate Abilities, Weirdness & Mutations

You have an increased reservoir of magic. (+10% MP)
Your attributes are resistant to harm.
You have a pair of small horns on your head.
You have supernaturally acute eyesight. (SInv)


Message History

* * * LOW HITPOINT WARNING * * *
You block the spectral six-headed hydra's attack.
The spectral six-headed hydra barely misses you.
The spectral six-headed hydra bites you.
* * * LOW HITPOINT WARNING * * *
You block the spectral six-headed hydra's attack.
The spectral six-headed hydra bites you!
* * * LOW HITPOINT WARNING * * *
You block the spectral six-headed hydra's attack.
The ghost crab barely misses you. The ghost crab claws you!
* * * LOW HITPOINT WARNING * * *
You partially resist.
You feel drained.
Drink which item? (? for menu, Esc to quit)
Okay, then.
Casting: Blink
Confirm with . or Enter, or press ? or * to list all spells.
You miscast Blink.
The air around you crackles with energy!
You are engulfed in spectral mist.
You die...

.♣♣...≈≈.♣♣♣♣♣♣ ♣♣♣♣♣♣#
♣.≈≈≈≈≈≈.♣♣. . ♣♣♣♣♣
.≈≈≈≈≈≈... ..♣≈≈≈≈♣#
≈≈≈≈≈... ≈≈..≈≈≈..
♣♣♣.§≈≈.. .≈≈.≈≈≈≈.
♣!.≈≈≈≈≈♣ .§≈..≈≈..<
♣.≈§≈≈≈≈♣♣♣§§...≈≈≈≈≈≈
♣♣≈§Z≈≈≈§≈.♣≈♣♣♣≈.≈≈f≈≈
♣..§ZZ@§≈§≈.≈♣ ♣≈.≈≈§.≈
♣§§§≈§§t≈†).♣♣♣...?≈≈..
♣♣§Z§≈§≈≈.♣♣♣ ≈.§....≈≈
♣§Z§....♣♣ ♣.≈≈.♣♣♣♣
♣♣♣♣♣♣♣♣♣ ...♣♣


You could see a ghost crab, a spectral giant leech, a spectral six-headed hydra,
a spectral five-headed hydra, a spectral swamp dragon and a spectral snapping
turtle.

Vanquished Creatures
  3 thorn hunters
  Snorg (D:11)
  Josephine (D:11)
  14 hydras
  2 catoblepae
  A ghost crab (Swamp:4)
  5 alligators
  2 death yaks (Lair:5)
  2 ogre magi (Orc:2)
  An orc high priest (Orc:2)
  Nergalle (Orc:1)
  2 deep trolls
  5 spriggan druids
  6 swamp dragons
  3 deep elf magi
  A shambling mangrove (Swamp:2)
  3 hill giants
  An orc sorcerer (Orc:2)
  A manticore (D:11)
  2 orc knights (Orc:2)
  4 cyclopes
  2 black mambas
  A torpor snail (Lair:5)
  13 spiny frogs
  A gargoyle (D:10)
  3 komodo dragons
  8 rime drakes (Lair:6)
  11 trolls
  8 two-headed ogres
  A queen bee (Lair:1)
  4 giant leeches
  9 blink frogs
  5 bog bodies (Swamp:3)
  4 spriggans
  A vampire (D:10)
  3 wraiths (D:11)
  A hog (D:12)
  8 wyverns
  34 yaks
  2 basilisks
  10 hippogriffs
  4 wargs
  10 vampire mosquitoes
  A mottled dragon (D:11)
  16 swamp worms
  9 water moccasins
  14 porcupines
  2 hell hounds (Lair:6)
  Duvessa (D:4)
  23 orc warriors
  2 sky beasts
  3 ice beasts
  6 wasps
  13 swamp drakes
  An eye of draining (D:8)
  A necrophage (D:11)
  26 ogres
  A phantom (D:4)
  3 centaurs
  9 crocodiles
  2 big kobolds
  21 giant frogs
  2 gnoll sergeants
  A water moccasin zombie (D:7)
  6 scorpions
  Dowan (D:4)
  24 killer bees
  A howler monkey (D:8)
  A centaur zombie (D:5)
  5 crimson imps
  2 giant frog zombies
  A quasit (D:12)
  2 giant frog skeletons (D:11)
  4 hounds
  2 jellies
  21 orc wizards
  18 orc priests
  An iron imp (Orc:1)
  14 iguanas
  7 worker ants
  Natasha (thrice) (D:4)
  27 sheep
  2 hound skeletons
  7 gnolls
  17 adders
  25 river rats
  3 shadow imps
  A white imp (Orc:1)
  3 worms
  2 dart slugs
  3 giant geckos
  80 orcs
  3 giant cockroaches
  2 hobgoblins
  5 jackals
  9 quokkas
  3 ball pythons
  7 bats
  A giant gecko zombie (D:6)
  10 giant newts
  9 goblins
  2 jackal skeletons
  A jackal zombie (D:8)
  10 kobolds
  8 rats
  A briar patch (Swamp:4)
715 creatures vanquished.

Vanquished Creatures (collateral kills)
  A giant frog (Lair:2)
  2 killer bees (Lair:1)
3 creatures vanquished.

Vanquished Creatures (others)
  A spiny frog (Swamp:3)
  A wasp (Swamp:3)
  A killer bee (Lair:1)
  An orc wizard (Orc:1)
  3 orcs (Orc:1)
  2 bushes (D:11)
  3 fungi
  2 plants (D:11)
14 creatures vanquished.

Grand Total: 732 creatures vanquished

Notes
Turn   | Place    | Note
--------------------------------------------------------------
     0 | D:1      | Lugonue the Demigod Fire Elementalist began the quest for the Orb.
     0 | D:1      | Reached XP level 1. HP: 14/14 MP: 5/5
   115 | D:1      | Reached XP level 2. HP: 16/20 MP: 7/7
   934 | D:2      | Found an oddly glowing altar of Pakellas.
  1010 | D:2      | Reached XP level 3. HP: 27/27 MP: 5/8
  1050 | D:2      | Found a glowing golden altar of the Shining One.
  1432 | D:2      | Found an opulent altar of Gozag.
  1647 | D:2      | Found a shadowy altar of Dithmenos.
  2011 | D:3      | Found a sparkling altar of Nemelex Xobeh.
  2183 | D:3      | Found an iron altar of Okawaru.
  2193 | D:3      | Reached skill level 1 in Short Blades
  2342 | D:3      | Reached XP level 4. HP: 34/34 MP: 6/10
  2346 | D:3      | Found a basalt altar of Yredelemnul.
  2365 | D:3      | Reached skill level 1 in Fighting
  2704 | D:4      | Noticed a phantom
  2718 | D:4      | Learned a level 3 spell: Conjure Flame
  2722 | D:4      | Learned a level 3 spell: Mephitic Cloud
  2758 | D:4      | Killed a phantom
  2758 | D:4      | Reached skill level 1 in Conjurations
  2758 | D:4      | Reached XP level 5. HP: 11/41 MP: 0/12
  3048 | D:4      | Found a snail-covered altar of Cheibriados.
  3158 | D:4      | Gained mutation: You have supernaturally acute eyesight. (SInv) [potion of mutation]
  3158 | D:4      | Gained mutation: You have a pair of small horns on your head. [potion of mutation]
  3305 | D:4      | Noticed Duvessa
  3329 | D:4      | Noticed Dowan
  3536 | D:4      | Killed Dowan
  3712 | D:4      | Killed Duvessa
  3712 | D:4      | Reached XP level 6. HP: 38/48 MP: 8/14
  3864 | D:4      | Found an ancient bone altar of Kikubaaqudgha.
  3907 | D:4      | Noticed Natasha
  3921 | D:4      | Killed Natasha
  3945 | D:4      | Noticed Natasha
  3953 | D:4      | Killed Natasha
  3979 | D:4      | Noticed Natasha
  3984 | D:4      | Killed Natasha
  4022 | D:5      | Entered Level 5 of the Dungeon
  4024 | D:5      | Found a sacrificial altar of Ru.
  4057 | D:5      | Reached XP level 7. HP: 40/56 MP: 12/16
  4065 | D:5      | Learned a level 4 spell: Sticky Flame
  4142 | D:5      | Found a staircase to the Ecumenical Temple.
  4164 | D:5      | Found a large runed door.
  4164 | D:5      | Found a large runed door.
  4216 | D:5      | Found a large runed door.
  4216 | D:5      | Found a large runed door.
  4755 | D:5      | Reached skill level 5 in Spellcasting
  4767 | D:5      | Reached skill level 5 in Fire Magic
  4924 | D:5      | Reached XP level 8. HP: 64/64 MP: 19/19
  5104 | D:6      | Found a burning altar of Makhleb.
  6024 | D:7      | Reached XP level 9. HP: 72/72 MP: 19/22
  6207 | D:7      | Found a bloodstained altar of Trog.
  6568 | D:8      | Reached skill level 1 in Poison Magic
  6637 | D:8      | Found Meskuren's Antique Weapon Boutique.
  6715 | D:8      | Found Kyqud's Armour Shop.
  6723 | D:8      | Bought a +0 cloak of magic resistance for 184 gold pieces
  6760 | D:8      | Found Qaaduu's Magic Scroll Emporium.
  6875 | D:8      | Noticed a white ugly thing
  6916 | D:8      | Noticed a cyclops
  7028 | D:8      | Reached skill level 5 in Fighting
  7159 | D:8      | Killed a cyclops
  7182 | D:8      | Found Goeq's Distillery.
  7431 | D:8      | Reached skill level 5 in Conjurations
  7694 | D:8      | Found a glowing silver altar of Zin.
  7854 | D:9      | Reached XP level 10. HP: 45/83 MP: 13/25
  7899 | D:9      | Reached skill level 1 in Long Blades
  8252 | D:9      | Got an opalescent robe
  8265 | D:9      | Identified the +1 robe of Kikubaaqudgha's Envy {rPois SInv Stlth+} (You found it on level 9 of the Dungeon)
  8347 | D:9      | Found Weizopp's Food Shoppe.
  8566 | D:9      | Reached skill level 1 in Armour
  8603 | D:10     | Entered Level 10 of the Dungeon
  8812 | D:10     | Reached skill level 2 in Long Blades
  8891 | D:10     | Found a staircase to the Orcish Mines.
  8973 | D:8      | Bought a +2 buckler for 264 gold pieces
  9072 | Orc:1    | Entered Level 1 of the Orcish Mines
  9072 | Orc:1    | Noticed Nergalle
  9205 | D:11     | Noticed a hill giant
  9205 | D:11     | Noticed a six-headed hydra
  9214 | D:10     | Reached skill level 1 in Shields
  9244 | D:11     | Found a staircase to the Lair.
  9267 | D:11     | Noticed Snorg
  9570 | D:10     | Learned a level 7 spell: Ring of Flames
  9577 | D:10     | Learned a level 6 spell: Deflect Missiles
  9666 | Orc:1    | Killed Nergalle
  9678 | Orc:1    | Found a roughly hewn altar of Beogh.
  9976 | Orc:1    | Reached XP level 11. HP: 91/91 MP: 19/27
  9981 | Orc:1    | Noticed a deep elf mage
  9982 | Orc:1    | Noticed a deep elf mage
 10002 | Orc:1    | Killed a deep elf mage
 10032 | Orc:1    | HP: 3/91 [deep elf mage/bolt of lightning (36)]
 10036 | Orc:1    | Killed a deep elf mage
 10153 | Orc:1    | Learned a level 2 spell: Blink
 10165 | Orc:1    | Got a spiked hat
 10171 | Orc:1    | Identified the +4 hat "Vubeto" {rN+ Int+6 Stlth-} (You found it on level 1 of the Orcish Mines)
 10273 | Orc:1    | Found Edatom's General Store.
 10550 | Orc:2    | Entered Level 2 of the Orcish Mines
 10551 | Orc:2    | Found a staircase to the Elven Halls.
 10674 | Orc:2    | Noticed an orc knight
 10836 | D:8      | Bought a scroll of amnesia for 56 gold pieces
 11226 | Orc:2    | Noticed an orc knight
 11285 | Orc:2    | Noticed a sun demon
 11434 | Orc:2    | Reached skill level 5 in Armour
 11496 | Orc:2    | Noticed a deep troll
 11498 | Orc:2    | Killed an orc knight
 11498 | Orc:2    | Reached skill level 3 in Long Blades
 11568 | Orc:1    | Killed a deep troll
 11870 | Orc:2    | Noticed a deep troll
 11875 | Orc:2    | Noticed a hill giant
 12045 | D:11     | Killed a hill giant
 12118 | D:11     | Reached skill level 4 in Long Blades
 12293 | Lair:1   | Entered Level 1 of the Lair of Beasts
 12380 | Lair:1   | Reached XP level 12. HP: 83/104 MP: 6/29
 12381 | Lair:1   | Reached skill level 5 in Dodging
 12660 | Lair:1   | Noticed an eight-headed hydra
 13115 | Lair:1   | Reached skill level 5 in Long Blades
 13183 | Lair:1   | Noticed a six-headed hydra
 13189 | Lair:1   | Killed a six-headed hydra
 13468 | D:8      | Bought a scroll of brand weapon for 320 gold pieces
 14484 | Lair:2   | Learned a level 3 spell: Summon Guardian Golem
 14720 | Lair:3   | Noticed an eight-headed hydra
 14740 | Lair:3   | Killed a one-headed hydra
 14740 | Lair:3   | Reached skill level 6 in Long Blades
 14838 | Lair:3   | Noticed a seven-headed hydra
 14846 | Lair:3   | Killed a four-headed hydra
 16011 | Lair:5   | Reached skill level 7 in Long Blades
 16072 | Lair:5   | Noticed a catoblepas
 16087 | Lair:5   | Killed a catoblepas
 16158 | Lair:5   | Reached skill level 10 in Fighting
 16158 | Lair:5   | Reached XP level 13. HP: 42/113 MP: 9/30
 16274 | Lair:5   | Reached skill level 8 in Long Blades
 16801 | Lair:6   | Reached skill level 9 in Long Blades
 16811 | Lair:6   | Reached skill level 5 in Shields
 16963 | Lair:6   | Found a staircase to the Slime Pits.
 17053 | Lair:6   | Found a hazy altar of Hepliaklqana.
 17330 | Lair:6   | Found a staircase to the Swamp.
 17357 | Swamp:1  | Entered Level 1 of the Swamp
 17831 | D:11     | Reached skill level 10 in Long Blades
 18697 | Orc:2    | Found Vaikeasu's Gadget Emporium.
 18699 | Orc:2    | Found Esonlit's Jewellery Emporium.
 18702 | Orc:2    | Found Zereh's Antique Weapon Boutique.
 18713 | Orc:2    | Found Dukeesy's Armour Shoppe.
 18798 | Orc:2    | Found a roughly hewn altar of Beogh.
 19031 | D:11     | Killed Snorg
 19031 | D:11     | Reached skill level 11 in Long Blades
 19083 | D:11     | Noticed Josephine
 19099 | D:11     | Killed Josephine
 19141 | D:11     | Found Edobaah's Gadget Shoppe.
 19478 | D:12     | Reached XP level 14. HP: 121/121 MP: 26/32
 19480 | D:12     | Noticed Kirke
 19646 | Orc:2    | Bought the ring "Zyameola" {rF+ rN+ Dex-4 Slay+3} for 606 gold pieces
 20881 | Swamp:3  | Noticed a thorn hunter
 21157 | Swamp:4  | Entered Level 4 of the Swamp
 21170 | Swamp:4  | Reached skill level 12 in Long Blades
 21435 | Swamp:4  | Noticed a thorn hunter
 21452 | Swamp:4  | Killed a thorn hunter
 21461 | Swamp:4  | Noticed a thorn hunter
 21653 | Swamp:4  | Killed a thorn hunter
 21856 | Swamp:3  | Killed a thorn hunter
 22310 | Swamp:3  | Reached skill level 10 in Spellcasting
 22412 | Swamp:4  | Reached skill level 13 in Long Blades
 22977 | Swamp:4  | Noticed the 27-headed Lernaean hydra
 23199 | Swamp:3  | Engulfed by a ghost crab's spectral mist

Vault maps used:
D:1:      minmay_arrival_four_circles
D:2:      nicolae_overflow_crystal_walls, nicolae_tso_swordbearing_angel,
          marbit_many_paths, old_standard_altar, serial_forest,
          infiniplex_forest_end_2, infiniplex_forest_clump_tiny,
          infiniplex_forest_straight_5, infiniplex_forest_end_2,
          infiniplex_forest_zigzag_1
D:3:      lemuel_doored_altar, nemelex_deck, corexii_item_surrounded_by_moat,
          okawaru_gym_becter
D:4:      kiku_gazebo_garden_becter, kennysheep_mini_moat, first_bread,
          uniq_duvessa, uniq_natasha
D:5:      nicolae_ru_awakened_eye, minmay_temple_entry_from_below_a,
          minmay_hollow_rounded_squares
D:6:      overflow_temple_1_default, nrook_mini_vaults
D:7:      lemuel_coloured_pillars_altar
D:8:      minmay_cut_squares, serial_shops, shop_fountains, kennysheep_mini,
          nicolae_shop_crystal, shop, basic_altar
D:9:      serial_shops, shop
D:10:     david_orc_4
D:11:     minmay_lair_entry_grove, serial_shops, nicolae_shop_crystal,
          blue_anna_alchemist, uniq_snorg, uniq_josephine
D:12:     uniq_kirke
Lair:1:   special_room
Lair:2:   minmay_lair_oklob_bushes, grunt_megastairs_5
Lair:4:   st_stairs_11
Lair:5:   nicolae_spider_entry_non_spiders, portal_ice_cave_demonic_guard,
          grunt_forest_large_clearing_hut, serial_bayou_shore_b
Lair:6:   minmay_swamp_entry_swarm, slime_dummy, special_room, basic_altar,
          grunt_megastairs_4
Swamp:1:  nicolae_swamp_trees_clearing
Swamp:2:  hangedman_swamp_cone
Swamp:3:  serial_swamp_ruin, hangedman_swamp_ruin_wall,
          evilmike_swamp_ruin_wall, evilmike_swamp_ruin_house_4,
          infiniplex_staircase_pool_2
Swamp:4:  swamp_old_school, nicolae_swamp_dragon_and_kin,
          infiniplex_staircase_pool
Orc:1:    basic_altar, serial_shops, shop_fountains, hangedman_minor_magic,
          uniq_nergalle
Orc:2:    st_orc_open, david_defended_altar_orc

Skill      XL: |  1  2  3  4  5  6  7  8  9 10 11 12 13 14 |
---------------+-------------------------------------------+-----
Fire Magic     | 3 4 5 6 |  6.5
Dodging        | 2 4 8 |  8.1
Spellcasting   | 2 3 4 5 6 7 8 9 10 | 10.2
Short Blades   | 1 2 3 4 |  4.3
Fighting       | 1 2 3 4 6 9 10 | 10.0
Conjurations   | 1 2 4 5 |  5.3
Poison Magic   | 1 |  1.5
Long Blades    | 2 4 7 11 13 | 13.4
Armour         | 4 5 6 |  6.9
Shields        | 3 4 5 7 |  7.2
Stealth        | |  1.8

Action                   |  1- 3 |  4- 6 |  7- 9 | 10-12 | 13-15 || total
-------------------------+-------+-------+-------+-------+-------++-------
Melee: Short sword       |   130 |    46 |       |       |       ||   176
       Dagger            |       |    39 |   309 |   634 |       ||   982
       Headbutt          |       |     6 |    79 |   239 |   144 ||   468
       Falchion          |       |       |       |    53 |    21 ||    74
       Scimitar          |       |       |       |   236 |   640 ||   876
 Cast: Flame Tongue      |    18 |    51 |    21 |    27 |    12 ||   129
       Conjure Flame     |       |     3 |     3 |    32 |    22 ||    60
       Mephitic Cloud    |       |     3 |     8 |    32 |    27 ||    70
       Sticky Flame      |       |       |    36 |   100 |    99 ||   235
       Blink             |       |       |       |     5 |     8 ||    13
Evoke: Rod               |       |       |     1 |       |       ||     1
  Use: Scroll            |    10 |     4 |     4 |    11 |    11 ||    40
       Potion            |       |     2 |     1 |    11 |     7 ||    21
 Stab: Sleeping          |     5 |     2 |     8 |     7 |       ||    22
       Confused          |       |       |     4 |    11 |     5 ||    20
       Invisible         |       |       |       |       |     5 ||     5
  Eat: Chunk             |     3 |     2 |    10 |    12 |    26 ||    53
       Bread ration      |     1 |       |     1 |     3 |       ||     5
       Beef jerky        |       |     1 |     1 |     2 |       ||     4
       Royal jelly       |       |       |     1 |       |       ||     1
       Fruit             |       |       |       |     8 |       ||     8
       Pizza             |       |       |       |       |     2 ||     2
Armor: Robe              |    36 |    36 |    82 |       |    71 ||   225
       Troll leather arm |       |       |     6 |   260 |   136 ||   402
       Swamp dragon armo |       |       |       |       |    36 ||    36
Dodge: Dodged            |   107 |    57 |   166 |   538 |   521 ||  1389
Block: Buckler           |       |       |       |   289 |   302 ||   591
       Reflection        |       |       |       |       |     2 ||     2
